Boston Bruins vs Tampa Bay Lightning
Created - Tuesday, August 27, 2024 at 07:06
Goals
|
| Boston Bruins |
0 |
2 |
2 |
0 |
4 |
| Tampa Bay Lightning |
0 |
3 |
1 |
1 |
5 |
|
Shots
|
| Boston Bruins |
13 |
9 |
15 |
0 |
37 |
| Tampa Bay Lightning |
9 |
16 |
5 |
1 |
31 |
|
1st period
No Goal
Penalties :
Alex Vlasic (BOS) for Slashing (Minor) at 6:01
2nd period
1. Tampa Bay Lightning , Anze Kopitar 4 (Kirill Kaprizov 10, Michael Matheson 2) at 2:40
2. Tampa Bay Lightning , Roope Hintz 2 (Jonathan Huberdeau 4, Kirill Kaprizov 11) at 4:10 (PP)
3. Boston Bruins , Joel Farabee 7 (Michael Rasmussen 2) at 8:44 (PP)
4. Tampa Bay Lightning , Kirill Kaprizov 9 (Jonathan Huberdeau 5, Anze Kopitar 10) at 13:02
5. Boston Bruins , Michael Rasmussen 1 (Joel Farabee 2) at 16:30 (PP)
Penalties :
Michael Kesselring (BOS) for Roughing (Minor) at 2:59, Dylan Cozens (TBL) for Interference (Minor) at 4:33, Travis Konecny (TBL) for Tripping (Minor) at 8:38, Moritz Seider (TBL) for Hooking (Minor) at 16:25, Alex Vlasic (BOS) for Cross-checking (Minor) at 18:38
3rd period
6. Boston Bruins , Morgan Geekie 1 (Tyson Barrie 4, Anthony Beauvillier 2) at 1:52
7. Tampa Bay Lightning , Dylan Cozens 1 (Tyler Toffoli 1, Gustav Nyquist 2) at 9:43
8. Boston Bruins , Nick Perbix 1 (Ryan Strome 2, Alex Newhook 7) at 18:53 (PP)
Penalties :
Tyson Barrie (BOS) for Tripping (Minor) at 10:00, TJ Brodie (TBL) for Cross-checking (Minor) at 13:26, Travis Konecny (TBL) for Interference (Minor) at 18:48
Overtime #1
9. Tampa Bay Lightning , Anze Kopitar 5 (Kirill Kaprizov 12) at 1:15
Penalties :
No Penalty
Goalie Stats
Pyotr Kochetkov (BOS), 26 saves from 31 shots - (0.839), OTL, 4-1-1, 61:11 minutes
Jeremy Swayman (TBL), 33 saves from 37 shots - (0.892), W, 6-2-0, 61:15 minutes
Players Stats for Boston Bruins
Player Name G A P +/- PIM S H SB GA TA FO MP PP MP PK MP
------------------------------------------------------------------------------------
Aatu Raty 0 0 0 0 0 0 0 0 0 0 0/1 2:14 0:10 0:00
Alex Newhook 0 1 1 -3 0 4 3 1 0 0 19/34 23:44 2:30 2:58
Alex Vlasic 0 0 0 -1 4 1 1 0 0 0 0/0 21:33 2:40 1:22
Anders Lee 0 0 0 -1 0 3 1 1 0 0 0/0 18:20 2:30 3:14
Angus Crookshank 0 0 0 -1 0 0 1 0 0 0 0/0 7:18 0:00 0:00
Anthony Beauvillier 0 1 1 1 0 4 0 1 0 0 0/1 13:43 0:00 0:00
Cam York 0 0 0 -1 0 1 1 1 0 0 0/0 23:54 2:40 3:15
Drew O'Connor 0 0 0 -1 0 2 2 0 0 0 0/1 16:50 1:44 0:00
Jack Studnicka 0 0 0 -1 0 0 0 0 0 0 0/3 7:32 0:00 0:00
Joel Farabee 1 1 2 -1 0 5 0 1 1 2 1/6 21:06 1:34 3:18
John-Jason Peterka 0 0 0 1 0 4 0 0 0 1 0/0 14:36 0:00 1:08
Matt Grzelcyk 0 0 0 0 0 0 0 1 0 0 0/0 15:44 0:00 0:41
Michael Kesselring 0 0 0 0 2 0 0 1 0 1 0/0 17:11 0:00 2:27
Michael Rasmussen 1 1 2 -1 0 2 0 2 1 0 9/16 17:45 1:44 0:35
Morgan Geekie 1 0 1 1 0 5 2 0 0 1 8/14 13:22 0:00 0:00
Nick Perbix 1 0 1 -2 0 2 0 1 0 0 0/0 22:45 1:34 3:43
Ryan Strome 0 1 1 -2 0 4 5 1 0 0 1/1 18:15 2:30 3:03
Tyson Barrie 0 1 1 -2 2 0 0 0 0 0 0/0 21:56 1:34 2:48
Players Stats for Tampa Bay Lightning
Player Name G A P +/- PIM S H SB GA TA FO MP PP MP PK MP
------------------------------------------------------------------------------------
Alexander Kerfoot 0 0 0 0 0 2 2 0 0 0 0/0 9:33 0:00 2:06
Anze Kopitar 2 1 3 3 0 8 2 0 0 0 11/18 19:45 3:13 1:02
Darnell Nurse 0 0 0 1 0 1 3 0 0 0 0/0 19:07 3:33 0:05
Dylan Cozens 1 0 1 0 2 2 0 2 1 0 8/18 14:47 0:23 1:04
Gustav Nyquist 0 1 1 0 0 1 0 1 0 0 0/0 12:43 0:00 0:00
Hampus Lindholm 0 0 0 0 0 1 2 0 0 0 0/0 21:28 3:36 1:57
Jason Dickinson 0 0 0 0 0 1 3 0 0 0 6/11 9:41 0:00 2:08
Johnny Gaudreau 0 0 0 0 0 0 0 0 0 1 1/3 17:04 3:32 0:00
Jonathan Huberdeau 0 2 2 2 0 4 3 0 0 0 1/1 17:32 3:01 0:00
Kirill Kaprizov 1 3 4 3 0 5 1 1 0 0 0/0 18:43 3:13 0:00
Michael Matheson 0 1 1 2 0 2 2 1 0 1 0/0 26:19 3:32 1:57
Moritz Seider 0 0 0 0 2 0 3 0 1 0 0/0 26:44 3:32 2:12
Roope Hintz 1 0 1 0 0 2 4 0 0 0 12/23 17:04 3:32 0:00
Ryan Graves 0 0 0 1 0 0 1 0 0 0 0/0 15:24 0:00 2:17
TJ Brodie 0 0 0 2 2 0 0 1 0 0 0/0 13:29 0:03 0:00
Travis Konecny 0 0 0 0 4 2 0 0 1 0 0/3 18:00 3:36 0:00
Trevor Moore 0 0 0 0 0 0 2 0 1 0 0/0 10:04 0:23 2:08
Tyler Toffoli 0 1 1 0 0 0 0 1 1 0 0/0 13:14 0:31 0:00
3 Stars
1 - Anze Kopitar (TBL)
2 - Kirill Kaprizov (TBL)
3 - Jonathan Huberdeau (TBL)
Power Play
Boston Bruins - 3 on 5 Attempt(s) - 60.00%
Tampa Bay Lightning - 1 on 4 Attempt(s) - 25.00%
Penalty Kill
Boston Bruins - 3 on 4 Attempt(s) - 75.00%
- Score 0 goal in Penalty Kill
Tampa Bay Lightning - 2 on 5 Attempt(s) - 40.00%
- Score 0 goal in Penalty Kill
Team Stat
Boston Bruins - Hits : 16 - Faceoff Wins : 38 - Blocked Shots : 11 - Penalty Minutes : 8
Tampa Bay Lightning - Hits : 28 - Faceoff Wins : 39 - Blocked Shots : 7 - Penalty Minutes : 10
Official
Referees : Frederick L'Ecuyer and Wes Mccauley
Linesman : Jonny Murray and Kilian McNamara
Game Notes
No Game Note
Finance
Level 1 -- Attendance: 6000 (100.00%) -- Ticket Income $570,000
Level 2 -- Attendance: 4777 (95.54%) -- Ticket Income $262,735
Level 3 -- Attendance: 2780 (92.67%) -- Ticket Income $88,960
Level 4 -- Attendance: 5000 (100.00%) -- Ticket Income $110,000
Luxury Box -- Attendance: 918 (91.80%) -- Ticket Income $177,174
Game was played at the Tampa Bay Times Forum.
Total Attendance: 19475 (97.38%)
Total Ticket Income: $1,208,869
Other Income: $423,104
Total Income: $1,631,973
Boston Bruins
5 vs 5 Forward
Center Left Wing Right Wing Time % Phy DF OF
1 Alex Newhook Anders Lee Ryan Strome 30 1 2 2
2 Michael Rasmussen Drew O'Connor Joel Farabee 30 1 2 2
3 Morgan Geekie Anthony Beauvillier John-Jason Peterka 25 1 2 2
4 Jack Studnicka Angus Crookshank Alex Newhook 15 1 2 2
5 vs 5 Defense
Defense Defense Time % Phy DF OF
1 Cam York Alex Vlasic 35 1 2 2
2 Tyson Barrie Nick Perbix 35 1 2 2
3 Matt Grzelcyk Michael Kesselring 30 1 2 2
4 Cam York Alex Vlasic 0 1 2 2
PowerPlay Forward
Center Left Wing Right Wing Time % Phy DF OF
1 Alex Newhook Anders Lee Ryan Strome 50 1 2 2
2 Michael Rasmussen Drew O'Connor Joel Farabee 50 1 2 2
PowerPlay Defense
Defense Defense Time % Phy DF OF
1 Cam York Alex Vlasic 50 1 2 2
2 Tyson Barrie Nick Perbix 50 1 2 2
Penalty Kill 4 Players Forward
Center Wing Time % Phy DF OF
1 Alex Newhook Ryan Strome 50 1 2 2
2 Joel Farabee Anders Lee 50 1 2 2
Penalty Kill 4 Players Defense
Defense Defense Time % Phy DF OF
1 Cam York Alex Vlasic 50 1 2 2
2 Tyson Barrie Nick Perbix 50 1 2 2
Penalty Kill - 3 Players Forward
Forward Time % Phy DF OF
1 Alex Newhook 50 1 2 2
2 Ryan Strome 50 1 2 2
Penalty Kill - 3 Players Defense
Defense Defense Time % Phy DF OF
1 Cam York Alex Vlasic 50 1 2 2
2 Tyson Barrie Nick Perbix 50 1 2 2
4 vs 4 Forward
Center Wing Time % Phy DF OF
1 Alex Newhook Ryan Strome 50 1 2 2
2 Joel Farabee Anders Lee 50 1 2 2
4 vs 4 Defense
Defense Defense Time % Phy DF OF
1 Cam York Alex Vlasic 50 1 2 2
2 Tyson Barrie Nick Perbix 50 1 2 2
Last Minutes Offensive
Center Left Wing Right Wing Defense Defense
Alex Newhook Anders Lee Ryan Strome Cam York Alex Vlasic
Last Minutes Defensive
Center Left Wing Right Wing Defense Defense
Alex Newhook Anders Lee Ryan Strome Cam York Alex Vlasic
Goaltenders
Starting : Pyotr Kochetkov
Backup : Olivier Rodrigue
Extra Forwards
Normal : Aatu Raty, Morgan Geekie, John-Jason Peterka - PP : Aatu Raty, Morgan Geekie - PK : John-Jason Peterka
Extra Defensemen
Normal : Matt Grzelcyk, Michael Kesselring, Tyson Barrie - PP : Matt Grzelcyk - PK : Michael Kesselring, Tyson Barrie
Penalty Shots
Alex Newhook, Ryan Strome, Joel Farabee, Anders Lee, Michael Rasmussen
Scratches
Brandt Clarke (Healthy), Fabian Lysell (Healthy), Samuel Bolduc (Healthy), Jacob Moverare (Healthy), John Ludvig (Healthy)
Tampa Bay Lightning
5 vs 5 Forward
Center Left Wing Right Wing Time % Phy DF OF
1 Anze Kopitar Kirill Kaprizov Jonathan Huberdeau 30 1 2 2
2 Roope Hintz Johnny Gaudreau Travis Konecny 30 1 2 2
3 Dylan Cozens Tyler Toffoli Gustav Nyquist 25 1 2 2
4 Jason Dickinson Trevor Moore Alexander Kerfoot 15 1 2 2
5 vs 5 Defense
Defense Defense Time % Phy DF OF
1 Moritz Seider Hampus Lindholm 30 1 2 2
2 Michael Matheson Darnell Nurse 30 1 2 2
3 TJ Brodie Ryan Graves 25 1 2 2
4 Moritz Seider Michael Matheson 15 1 2 2
PowerPlay Forward
Center Left Wing Right Wing Time % Phy DF OF
1 Roope Hintz Johnny Gaudreau Jonathan Huberdeau 50 1 2 2
2 Anze Kopitar Kirill Kaprizov Travis Konecny 50 1 2 2
PowerPlay Defense
Defense Defense Time % Phy DF OF
1 Michael Matheson Moritz Seider 50 1 2 2
2 Darnell Nurse Hampus Lindholm 50 1 2 2
Penalty Kill 4 Players Forward
Center Wing Time % Phy DF OF
1 Jason Dickinson Trevor Moore 50 1 2 2
2 Dylan Cozens Alexander Kerfoot 50 1 2 2
Penalty Kill 4 Players Defense
Defense Defense Time % Phy DF OF
1 Moritz Seider Ryan Graves 50 1 2 2
2 Michael Matheson Hampus Lindholm 50 1 2 2
Penalty Kill - 3 Players Forward
Forward Time % Phy DF OF
1 Anze Kopitar 50 1 2 2
2 Jason Dickinson 50 1 2 2
Penalty Kill - 3 Players Defense
Defense Defense Time % Phy DF OF
1 Michael Matheson Ryan Graves 50 1 2 2
2 Moritz Seider TJ Brodie 50 1 2 2
4 vs 4 Forward
Center Wing Time % Phy DF OF
1 Anze Kopitar Kirill Kaprizov 50 1 2 2
2 Dylan Cozens Travis Konecny 50 1 2 2
4 vs 4 Defense
Defense Defense Time % Phy DF OF
1 Michael Matheson TJ Brodie 50 1 2 2
2 Moritz Seider Ryan Graves 50 1 2 2
Last Minutes Offensive
Center Left Wing Right Wing Defense Defense
Anze Kopitar Kirill Kaprizov Travis Konecny Michael Matheson Moritz Seider
Last Minutes Defensive
Center Left Wing Right Wing Defense Defense
Anze Kopitar Jason Dickinson Alexander Kerfoot Moritz Seider Michael Matheson
Goaltenders
Starting : Jeremy Swayman
Backup : Darcy Kuemper
Extra Forwards
Normal : Travis Konecny, Tyler Toffoli, Trevor Moore - PP : Tyler Toffoli, Trevor Moore - PK : Anze Kopitar
Extra Defensemen
Normal : Michael Matheson, Moritz Seider, TJ Brodie - PP : TJ Brodie - PK : Darnell Nurse, TJ Brodie
Penalty Shots
Trevor Moore, Gustav Nyquist, Alexander Kerfoot, Anze Kopitar, Jonathan Huberdeau
Scratches
None
% Time on Ice - Boston Bruins
Lines # - Real PCT - Wanted PCT - Time Play
Normal Forward
1 - 25% - 30% - 12:00
2 - 33% - 30% - 16:17
3 - 27% - 25% - 13:03
4 - 15% - 15% - 7:18
Normal Defense
1 - 35% - 35% - 17:14
2 - 35% - 35% - 17:04
3 - 29% - 30% - 14:20
4 - 0% - 0% - 0:00
PP Forward
1 - 59% - 50% - 2:30
2 - 41% - 50% - 1:44
PP Defense
1 - 63% - 50% - 2:40
2 - 37% - 50% - 1:34
PK Forward
1 - 48% - 50% - 3:26
2 - 52% - 50% - 3:42
PK Defense
1 - 46% - 50% - 3:17
2 - 54% - 50% - 3:51
PK3 Forward
1 - 0% - 50%
2 - 0% - 50%
PK3 Defense
1 - 0% - 50%
2 - 0% - 50%
44 Forward
1 - 56% - 50% - 0:42
2 - 44% - 50% - 0:33
44 Defense
1 - 33% - 50% - 0:25
2 - 67% - 50% - 0:50
Last Minute Offensive - 0:00
Last Minute Defensive - 0:00
Total
Forward - 61:15
Defense - 61:15
|
% Time on Ice - Tampa Bay Lightning
Lines # - Real PCT - Wanted PCT - Time Play
Normal Forward
1 - 30% - 30% - 14:37
2 - 28% - 30% - 13:51
3 - 26% - 25% - 12:43
4 - 15% - 15% - 7:27
Normal Defense
1 - 29% - 30% - 13:53
2 - 32% - 30% - 15:35
3 - 26% - 25% - 12:38
4 - 13% - 15% - 6:32
PP Forward
1 - 50% - 50% - 3:32
2 - 50% - 50% - 3:36
PP Defense
1 - 50% - 50% - 3:32
2 - 50% - 50% - 3:36
PK Forward
1 - 50% - 50% - 2:08
2 - 50% - 50% - 2:06
PK Defense
1 - 54% - 50% - 2:17
2 - 46% - 50% - 1:57
PK3 Forward
1 - 0% - 50%
2 - 0% - 50%
PK3 Defense
1 - 0% - 50%
2 - 0% - 50%
44 Forward
1 - 53% - 50% - 0:40
2 - 47% - 50% - 0:35
44 Defense
1 - 65% - 50% - 0:49
2 - 35% - 50% - 0:26
Last Minute Offensive - 0:00
Last Minute Defensive - 0:00
Total
Forward - 61:15
Defense - 61:15
|
Play-by-Play
1st period
0:01 of 1st period - Anze Kopitar wins face-off versus Alex Newhook in neutral zone.
0:04 of 1st period - Snap shot by Anze Kopitar.
0:04 of 1st period - Shot Blocked by Alex Newhook.
0:28 of 1st period - Snap shot by John-Jason Peterka.
0:28 of 1st period - Stopped by Jeremy Swayman without a rebound.
0:29 of 1st period - Morgan Geekie wins face-off versus Roope Hintz in Tampa Bay Lightning zone.
0:42 of 1st period - Snap shot by Morgan Geekie.
0:42 of 1st period - Stopped by Jeremy Swayman with a rebound.
0:44 of 1st period - Snap shot by Anthony Beauvillier.
0:44 of 1st period - Stopped by Jeremy Swayman with a rebound.
0:54 of 1st period - Drew O'Connor is hit by Darnell Nurse.
1:00 of 1st period - Wrist shot by Michael Rasmussen.
1:00 of 1st period - Shot Misses the Net.
1:36 of 1st period - Snap shot by Travis Konecny.
1:36 of 1st period - Stopped by Pyotr Kochetkov without a rebound.
1:37 of 1st period - Michael Rasmussen wins face-off versus Roope Hintz in Boston Bruins zone.
2:04 of 1st period - TJ Brodie is hit by Alex Newhook and loses puck.
2:09 of 1st period - Snap shot by Alex Newhook.
2:09 of 1st period - Stopped by Jeremy Swayman without a rebound.
2:10 of 1st period - Alex Newhook wins face-off versus Anze Kopitar in Tampa Bay Lightning zone.
2:15 of 1st period - Wrist shot by Anders Lee.
2:15 of 1st period - Shot Misses the Net.
2:17 of 1st period - Slapshot by Ryan Strome.
2:17 of 1st period - Stopped by Jeremy Swayman with a rebound.
3:59 of 1st period - Snap shot by Anze Kopitar.
3:59 of 1st period - Stopped by Pyotr Kochetkov with a rebound.
4:01 of 1st period - Slapshot by Michael Matheson.
4:01 of 1st period - Deflect By Anze Kopitar.
4:01 of 1st period - Shot Blocked by Anthony Beauvillier.
4:01 of 1st period - Puck is out of play.
4:02 of 1st period - Dylan Cozens wins face-off versus Joel Farabee in Boston Bruins zone.
4:13 of 1st period - Slapshot by Gustav Nyquist.
4:13 of 1st period - Stopped by Pyotr Kochetkov with a rebound.
4:15 of 1st period - Slapshot by Michael Matheson.
4:15 of 1st period - Stopped by Pyotr Kochetkov without a rebound.
4:16 of 1st period - Alex Newhook wins face-off versus Roope Hintz in Boston Bruins zone.
4:48 of 1st period - Snap shot by Drew O'Connor.
4:48 of 1st period - Stopped by Jeremy Swayman without a rebound.
4:49 of 1st period - Jason Dickinson wins face-off versus Alex Newhook in Tampa Bay Lightning zone.
4:58 of 1st period - Snap shot by Alexander Kerfoot.
4:58 of 1st period - Stopped by Pyotr Kochetkov without a rebound.
4:59 of 1st period - Jason Dickinson wins face-off versus Alex Newhook in Boston Bruins zone.
5:02 of 1st period - Wrist shot by Trevor Moore.
5:02 of 1st period - Shot Misses the Net.
5:20 of 1st period - Snap shot by Jason Dickinson.
5:20 of 1st period - Shot Misses the Net.
5:22 of 1st period - Slapshot by Darnell Nurse.
5:22 of 1st period - Shot Misses the Net.
5:24 of 1st period - Snap shot by Darnell Nurse.
5:24 of 1st period - Shot Blocked by Anders Lee.
5:38 of 1st period - Wrist shot by Jason Dickinson.
5:38 of 1st period - Stopped by Pyotr Kochetkov with a rebound.
6:01 of 1st period - Minor Penalty to Alex Vlasic for Slashing.
6:02 of 1st period - Roope Hintz wins face-off versus Joel Farabee in Boston Bruins zone.
6:34 of 1st period - Anders Lee is hit by Anze Kopitar and loses puck.
8:01 of 1st period - Penalty to Alex Vlasic is over, Alex Vlasic is back on ice.
8:09 of 1st period - Snap shot by Gustav Nyquist.
8:09 of 1st period - Shot Blocked by Matt Grzelcyk.
8:17 of 1st period - Snap shot by Ryan Strome.
8:17 of 1st period - Stopped by Jeremy Swayman without a rebound.
8:18 of 1st period - Jason Dickinson wins face-off versus Morgan Geekie in Tampa Bay Lightning zone.
8:20 of 1st period - Icing by Trevor Moore.
8:21 of 1st period - Morgan Geekie wins face-off versus Jason Dickinson in Tampa Bay Lightning zone.
8:59 of 1st period - Slapshot by Kirill Kaprizov.
8:59 of 1st period - Shot Misses the Net.
9:17 of 1st period - Snap shot by Alex Newhook.
9:17 of 1st period - Stopped by Jeremy Swayman without a rebound.
9:18 of 1st period - Jonathan Huberdeau wins face-off versus Morgan Geekie in Tampa Bay Lightning zone.
9:48 of 1st period - Backhand shot by Joel Farabee.
9:48 of 1st period - Stopped by Jeremy Swayman without a rebound.
9:49 of 1st period - Michael Rasmussen wins face-off versus Dylan Cozens in Tampa Bay Lightning zone.
10:46 of 1st period - Wrist shot by John-Jason Peterka.
10:46 of 1st period - Shot Misses the Net.
10:48 of 1st period - Wrist shot by Anthony Beauvillier.
10:48 of 1st period - Deflect By Roope Hintz.
10:48 of 1st period - Shot Misses the Net.
10:48 of 1st period - Puck is out of play.
10:49 of 1st period - Dylan Cozens wins face-off versus Jack Studnicka in Tampa Bay Lightning zone.
11:43 of 1st period - Snap shot by Kirill Kaprizov.
11:43 of 1st period - Stopped by Pyotr Kochetkov with a rebound.
11:45 of 1st period - Snap shot by Jonathan Huberdeau.
11:45 of 1st period - Shot Blocked by Joel Farabee.
11:47 of 1st period - Slapshot by Kirill Kaprizov.
11:47 of 1st period - Shot Misses the Net.
11:49 of 1st period - Snap shot by Kirill Kaprizov.
11:49 of 1st period - Shot Misses the Net.
11:58 of 1st period - Off-side.
11:59 of 1st period - Alex Newhook wins face-off versus Jason Dickinson in neutral zone.
12:04 of 1st period - Snap shot by Alex Newhook.
12:04 of 1st period - Deflect By Anders Lee.
12:04 of 1st period - Shot Blocked by TJ Brodie.
12:04 of 1st period - Puck is out of play.
12:05 of 1st period - Alex Newhook wins face-off versus Roope Hintz in Tampa Bay Lightning zone.
12:12 of 1st period - Snap shot by Ryan Strome.
12:12 of 1st period - Deflect By Alex Newhook.
12:12 of 1st period - Stopped by Jeremy Swayman without a rebound.
12:13 of 1st period - Roope Hintz wins face-off versus Morgan Geekie in Tampa Bay Lightning zone.
12:20 of 1st period - Wrist shot by John-Jason Peterka.
12:20 of 1st period - Shot Misses the Net.
12:22 of 1st period - Slapshot by Morgan Geekie.
12:22 of 1st period - Stopped by Jeremy Swayman without a rebound.
12:23 of 1st period - Morgan Geekie wins face-off versus Dylan Cozens in Tampa Bay Lightning zone.
12:24 of 1st period - Slapshot by John-Jason Peterka.
12:24 of 1st period - Shot Misses the Net.
12:35 of 1st period - Icing by Moritz Seider.
12:36 of 1st period - Michael Rasmussen wins face-off versus Dylan Cozens in Tampa Bay Lightning zone.
13:19 of 1st period - Dylan Cozens is hit by Drew O'Connor.
13:51 of 1st period - Hampus Lindholm is hit by Drew O'Connor and loses puck.
14:02 of 1st period - Snap shot by Tyler Toffoli.
14:02 of 1st period - Shot Blocked by Michael Rasmussen.
14:18 of 1st period - Slapshot by Dylan Cozens.
14:18 of 1st period - Stopped by Pyotr Kochetkov with a rebound.
14:57 of 1st period - Snap shot by Gustav Nyquist.
14:57 of 1st period - Shot Blocked by Michael Rasmussen.
15:06 of 1st period - Off-side.
15:07 of 1st period - Alex Newhook wins face-off versus Anze Kopitar in neutral zone.
15:10 of 1st period - Slapshot by Anders Lee.
15:10 of 1st period - Stopped by Jeremy Swayman with a rebound.
15:18 of 1st period - Wrist shot by Alex Newhook.
15:18 of 1st period - Stopped by Jeremy Swayman without a rebound.
15:19 of 1st period - Alex Newhook wins face-off versus Johnny Gaudreau in Tampa Bay Lightning zone.
15:36 of 1st period - Snap shot by Roope Hintz.
15:36 of 1st period - Shot Misses the Net.
16:01 of 1st period - John-Jason Peterka is hit by Jonathan Huberdeau and loses puck.
16:18 of 1st period - Michael Matheson is hit by Morgan Geekie and loses puck.
16:31 of 1st period - Alex Newhook is hit by Roope Hintz and loses puck.
16:42 of 1st period - Travis Konecny is hit by Angus Crookshank and loses puck.
16:55 of 1st period - Snap shot by Roope Hintz.
16:55 of 1st period - Stopped by Pyotr Kochetkov with a rebound.
18:12 of 1st period - Roope Hintz is hit by Ryan Strome and loses puck.
18:43 of 1st period - Aatu Raty is hit by Jason Dickinson and loses puck.
18:51 of 1st period - Ryan Strome is hit by Alexander Kerfoot and loses puck.
Goals for this period are 0 for Boston Bruins vs 0 for Tampa Bay Lightning.
Shots for this period are 13 for Boston Bruins vs 9 for Tampa Bay Lightning.
2nd period
0:01 of 2nd period - Anze Kopitar wins face-off versus Alex Newhook in neutral zone.
0:55 of 2nd period - Morgan Geekie is hit by Ryan Graves and loses puck.
1:18 of 2nd period - Ryan Graves is hit by Cam York and loses puck.
2:11 of 2nd period - Tyson Barrie is hit by Darnell Nurse and loses puck.
2:27 of 2nd period - Jack Studnicka is hit by Darnell Nurse and loses puck.
2:40 of 2nd period - Wrist shot by Anze Kopitar.
2:40 of 2nd period - Goal by Anze Kopitar - Boston Bruins : 0 - Tampa Bay Lightning : 1.
2:41 of 2nd period - Roope Hintz wins face-off versus Michael Rasmussen in neutral zone.
2:59 of 2nd period - Minor Penalty to Michael Kesselring for Roughing.
3:00 of 2nd period - Joel Farabee wins face-off versus Anze Kopitar in Boston Bruins zone.
3:41 of 2nd period - Wrist shot by Anze Kopitar.
3:41 of 2nd period - Shot Misses the Net.
3:43 of 2nd period - Slapshot by Hampus Lindholm.
3:43 of 2nd period - Stopped by Pyotr Kochetkov with a rebound.
4:10 of 2nd period - Snap shot by Roope Hintz.
4:10 of 2nd period - Goal by Roope Hintz - Boston Bruins : 0 - Tampa Bay Lightning : 2.
4:11 of 2nd period - Alex Newhook wins face-off versus Dylan Cozens in neutral zone.
4:11 of 2nd period - Alex Newhook is hit by Michael Matheson.
4:27 of 2nd period - Snap shot by Alex Newhook.
4:27 of 2nd period - Shot Misses the Net.
4:33 of 2nd period - Minor Penalty to Dylan Cozens for Interference.
4:34 of 2nd period - Jason Dickinson wins face-off versus Alex Newhook in Tampa Bay Lightning zone.
4:40 of 2nd period - Icing by Alex Newhook.
4:41 of 2nd period - Alex Newhook wins face-off versus Anze Kopitar in Boston Bruins zone.
5:01 of 2nd period - Icing by Ryan Strome.
5:02 of 2nd period - Jason Dickinson wins face-off versus Alex Newhook in Boston Bruins zone.
5:15 of 2nd period - Snap shot by Alex Newhook.
5:15 of 2nd period - Shot Misses the Net.
5:17 of 2nd period - Slapshot by Alex Vlasic.
5:17 of 2nd period - Shot Misses the Net.
5:19 of 2nd period - Snap shot by Ryan Strome.
5:19 of 2nd period - Deflect By Michael Matheson.
5:19 of 2nd period - Shot Blocked by Michael Matheson.
5:19 of 2nd period - Puck is out of play.
5:20 of 2nd period - Anze Kopitar wins face-off versus Michael Rasmussen in Tampa Bay Lightning zone.
5:33 of 2nd period - Snap shot by Alexander Kerfoot.
5:33 of 2nd period - Shot Blocked by Nick Perbix.
6:27 of 2nd period - Ryan Graves is hit by Ryan Strome and loses puck.
6:33 of 2nd period - Penalty to Dylan Cozens is over, Dylan Cozens is back on ice.
6:35 of 2nd period - Icing by Ryan Strome.
6:36 of 2nd period - Alex Newhook wins face-off versus Travis Konecny in Boston Bruins zone.
6:51 of 2nd period - Snap shot by Anthony Beauvillier.
6:51 of 2nd period - Stopped by Jeremy Swayman with a rebound.
6:53 of 2nd period - Wrist shot by Anthony Beauvillier.
6:53 of 2nd period - Stopped by Jeremy Swayman without a rebound.
6:54 of 2nd period - Roope Hintz wins face-off versus Michael Rasmussen in Tampa Bay Lightning zone.
8:03 of 2nd period - Drew O'Connor is hit by Hampus Lindholm and loses puck.
8:29 of 2nd period - Off-side.
8:30 of 2nd period - Morgan Geekie wins face-off versus Roope Hintz in neutral zone.
8:38 of 2nd period - Minor Penalty to Travis Konecny for Tripping.
8:39 of 2nd period - Michael Rasmussen wins face-off versus Jason Dickinson in Tampa Bay Lightning zone.
8:42 of 2nd period - Wrist shot by Joel Farabee.
8:42 of 2nd period - Stopped by Jeremy Swayman without a rebound.
8:43 of 2nd period - Michael Rasmussen wins face-off versus Jason Dickinson in Tampa Bay Lightning zone.
8:44 of 2nd period - Wrist shot by Joel Farabee.
8:44 of 2nd period - Goal by Joel Farabee - Boston Bruins : 1 - Tampa Bay Lightning : 2.
8:45 of 2nd period - Alex Newhook wins face-off versus Roope Hintz in neutral zone.
9:17 of 2nd period - Snap shot by Anze Kopitar.
9:17 of 2nd period - Shot Misses the Net.
9:19 of 2nd period - Slapshot by Darnell Nurse.
9:19 of 2nd period - Stopped by Pyotr Kochetkov without a rebound.
9:20 of 2nd period - Roope Hintz wins face-off versus Alex Newhook in Boston Bruins zone.
10:04 of 2nd period - Hampus Lindholm is hit by Alex Vlasic and loses puck.
10:13 of 2nd period - Snap shot by Joel Farabee.
10:13 of 2nd period - Stopped by Jeremy Swayman with a rebound.
10:27 of 2nd period - Jack Studnicka is hit by Moritz Seider and loses puck.
11:22 of 2nd period - Icing by Anders Lee.
11:23 of 2nd period - Johnny Gaudreau wins face-off versus Alex Newhook in Boston Bruins zone.
11:24 of 2nd period - Snap shot by Roope Hintz.
11:24 of 2nd period - Shot Misses the Net.
11:32 of 2nd period - Snap shot by Travis Konecny.
11:32 of 2nd period - Stopped by Pyotr Kochetkov without a rebound.
11:33 of 2nd period - Roope Hintz wins face-off versus Michael Rasmussen in Boston Bruins zone.
11:36 of 2nd period - Snap shot by Roope Hintz.
11:36 of 2nd period - Shot Misses the Net.
12:08 of 2nd period - Wrist shot by Alex Newhook.
12:08 of 2nd period - Shot Misses the Net.
12:10 of 2nd period - Wrist shot by Alex Newhook.
12:10 of 2nd period - Shot Misses the Net.
12:12 of 2nd period - Slapshot by Nick Perbix.
12:12 of 2nd period - Stopped by Jeremy Swayman with a rebound.
12:22 of 2nd period - Michael Matheson is hit by Morgan Geekie and loses puck.
12:27 of 2nd period - Slapshot by Morgan Geekie.
12:27 of 2nd period - Stopped by Jeremy Swayman without a rebound.
12:28 of 2nd period - Michael Rasmussen wins face-off versus Anze Kopitar in Tampa Bay Lightning zone.
12:37 of 2nd period - Snap shot by Kirill Kaprizov.
12:37 of 2nd period - Deflect By Anze Kopitar.
12:37 of 2nd period - Stopped by Pyotr Kochetkov without a rebound.
12:38 of 2nd period - Michael Rasmussen wins face-off versus Anze Kopitar in Boston Bruins zone.
12:43 of 2nd period - Snap shot by Anze Kopitar.
12:43 of 2nd period - Stopped by Pyotr Kochetkov without a rebound.
12:44 of 2nd period - Anze Kopitar wins face-off versus Alex Newhook in Boston Bruins zone.
12:52 of 2nd period - Off-side.
12:53 of 2nd period - Anze Kopitar wins face-off versus Alex Newhook in neutral zone.
13:02 of 2nd period - Snap shot by Kirill Kaprizov.
13:02 of 2nd period - Goal by Kirill Kaprizov - Boston Bruins : 1 - Tampa Bay Lightning : 3.
13:03 of 2nd period - Anze Kopitar wins face-off versus Alex Newhook in neutral zone.
13:06 of 2nd period - Snap shot by Kirill Kaprizov.
13:06 of 2nd period - Stopped by Pyotr Kochetkov with a rebound.
13:28 of 2nd period - Morgan Geekie is hit by Moritz Seider and loses puck.
13:35 of 2nd period - Snap shot by Roope Hintz.
13:35 of 2nd period - Shot Hit the Post.
14:33 of 2nd period - Jack Studnicka is hit by Moritz Seider and loses puck.
14:41 of 2nd period - Icing by Angus Crookshank.
14:42 of 2nd period - Anze Kopitar wins face-off versus Jack Studnicka in Boston Bruins zone.
14:47 of 2nd period - Wrist shot by Anze Kopitar.
14:47 of 2nd period - Stopped by Pyotr Kochetkov with a rebound.
14:49 of 2nd period - Snap shot by TJ Brodie.
14:49 of 2nd period - Shot Misses the Net.
15:07 of 2nd period - Icing by Kirill Kaprizov.
15:08 of 2nd period - Anze Kopitar wins face-off versus Michael Rasmussen in Tampa Bay Lightning zone.
15:20 of 2nd period - Snap shot by Kirill Kaprizov.
15:20 of 2nd period - Stopped by Pyotr Kochetkov with a rebound.
15:53 of 2nd period - Slapshot by Jonathan Huberdeau.
15:53 of 2nd period - Stopped by Pyotr Kochetkov without a rebound.
15:54 of 2nd period - Roope Hintz wins face-off versus Anthony Beauvillier in Boston Bruins zone.
16:14 of 2nd period - Icing by Cam York.
16:15 of 2nd period - Morgan Geekie wins face-off versus Dylan Cozens in Boston Bruins zone.
16:15 of 2nd period - Morgan Geekie is hit by Hampus Lindholm.
16:21 of 2nd period - Wrist shot by John-Jason Peterka.
16:21 of 2nd period - Stopped by Jeremy Swayman without a rebound.
16:22 of 2nd period - Dylan Cozens wins face-off versus Alex Newhook in Tampa Bay Lightning zone.
16:22 of 2nd period - Dylan Cozens is hit by Alex Newhook.
16:25 of 2nd period - Minor Penalty to Moritz Seider for Hooking.
16:26 of 2nd period - Michael Rasmussen wins face-off versus Dylan Cozens in Tampa Bay Lightning zone.
16:30 of 2nd period - Wrist shot by Michael Rasmussen.
16:30 of 2nd period - Goal by Michael Rasmussen - Boston Bruins : 2 - Tampa Bay Lightning : 3.
16:31 of 2nd period - Alex Newhook wins face-off versus Travis Konecny in neutral zone.
17:22 of 2nd period - Snap shot by Joel Farabee.
17:22 of 2nd period - Deflect By Kirill Kaprizov.
17:22 of 2nd period - Shot Misses the Net.
17:22 of 2nd period - Puck is out of play.
17:23 of 2nd period - Anze Kopitar wins face-off versus Drew O'Connor in Tampa Bay Lightning zone.
17:30 of 2nd period - Joel Farabee is hit by Kirill Kaprizov.
17:41 of 2nd period - Michael Rasmussen is hit by Jonathan Huberdeau and loses puck.
17:46 of 2nd period - Snap shot by Anze Kopitar.
17:46 of 2nd period - Stopped by Pyotr Kochetkov with a rebound.
17:48 of 2nd period - Slapshot by Darnell Nurse.
17:48 of 2nd period - Shot Blocked by Cam York.
18:11 of 2nd period - Snap shot by Kirill Kaprizov.
18:11 of 2nd period - Shot Hit the Post.
18:15 of 2nd period - Snap shot by Kirill Kaprizov.
18:15 of 2nd period - Shot Misses the Net.
18:25 of 2nd period - Snap shot by Jonathan Huberdeau.
18:25 of 2nd period - Stopped by Pyotr Kochetkov with a rebound.
18:27 of 2nd period - Wrist shot by Kirill Kaprizov.
18:27 of 2nd period - Stopped by Pyotr Kochetkov with a rebound.
18:38 of 2nd period - Minor Penalty to Alex Vlasic for Cross-checking.
18:39 of 2nd period - Roope Hintz wins face-off versus Alex Newhook in Boston Bruins zone.
18:49 of 2nd period - Slapshot by Roope Hintz.
18:49 of 2nd period - Shot Blocked by Ryan Strome.
18:51 of 2nd period - Slapshot by Michael Matheson.
18:51 of 2nd period - Stopped by Pyotr Kochetkov with a rebound.
Goals for this period are 2 for Boston Bruins vs 3 for Tampa Bay Lightning.
Shots for this period are 9 for Boston Bruins vs 16 for Tampa Bay Lightning.
3rd period
0:01 of 3rd period - Roope Hintz wins face-off versus Joel Farabee in neutral zone.
0:16 of 3rd period - Ryan Strome is hit by Roope Hintz.
0:30 of 3rd period - Off-side.
0:31 of 3rd period - Anze Kopitar wins face-off versus Joel Farabee in neutral zone.
0:36 of 3rd period - Snap shot by Joel Farabee.
0:36 of 3rd period - Deflect By Anders Lee.
0:36 of 3rd period - Stopped by Jeremy Swayman with a rebound.
0:38 of 3rd period - Penalty to Alex Vlasic is over, Alex Vlasic is back on ice.
0:38 of 3rd period - Slapshot by Cam York.
0:38 of 3rd period - Deflect By Alex Vlasic.
0:38 of 3rd period - Stopped by Jeremy Swayman with a rebound.
0:40 of 3rd period - Snap shot by Joel Farabee.
0:40 of 3rd period - Shot Blocked by Kirill Kaprizov.
0:46 of 3rd period - Backhand shot by Joel Farabee.
0:46 of 3rd period - Stopped by Jeremy Swayman with a rebound.
0:48 of 3rd period - Wrist shot by Joel Farabee.
0:48 of 3rd period - Shot Misses the Net.
1:02 of 3rd period - Snap shot by Anders Lee.
1:02 of 3rd period - Stopped by Jeremy Swayman without a rebound.
1:03 of 3rd period - Morgan Geekie wins face-off versus Dylan Cozens in Tampa Bay Lightning zone.
1:12 of 3rd period - Snap shot by Anthony Beauvillier.
1:12 of 3rd period - Stopped by Jeremy Swayman without a rebound.
1:13 of 3rd period - Dylan Cozens wins face-off versus Morgan Geekie in Tampa Bay Lightning zone.
1:30 of 3rd period - Snap shot by Nick Perbix.
1:30 of 3rd period - Shot Misses the Net.
1:38 of 3rd period - Wrist shot by Morgan Geekie.
1:38 of 3rd period - Shot Blocked by Gustav Nyquist.
1:40 of 3rd period - Wrist shot by John-Jason Peterka.
1:40 of 3rd period - Shot Blocked by Tyler Toffoli.
1:48 of 3rd period - Snap shot by Morgan Geekie.
1:48 of 3rd period - Shot Blocked by Dylan Cozens.
1:50 of 3rd period - Slapshot by Tyson Barrie.
1:50 of 3rd period - Shot Hit the Post.
1:52 of 3rd period - Snap shot by Morgan Geekie.
1:52 of 3rd period - Goal by Morgan Geekie - Boston Bruins : 3 - Tampa Bay Lightning : 3.
1:53 of 3rd period - Alex Newhook wins face-off versus Roope Hintz in neutral zone.
2:09 of 3rd period - Moritz Seider is hit by Ryan Strome and loses puck.
2:43 of 3rd period - Anthony Beauvillier is hit by Anze Kopitar and loses puck.
3:02 of 3rd period - Kirill Kaprizov is hit by Ryan Strome.
5:14 of 3rd period - Icing by Michael Kesselring.
5:15 of 3rd period - Anze Kopitar wins face-off versus Jack Studnicka in Boston Bruins zone.
5:28 of 3rd period - Snap shot by Jonathan Huberdeau.
5:28 of 3rd period - Stopped by Pyotr Kochetkov without a rebound.
5:29 of 3rd period - Morgan Geekie wins face-off versus Roope Hintz in Boston Bruins zone.
5:29 of 3rd period - Morgan Geekie is hit by Roope Hintz.
6:32 of 3rd period - Snap shot by Anze Kopitar.
6:32 of 3rd period - Stopped by Pyotr Kochetkov with a rebound.
6:55 of 3rd period - Slapshot by Morgan Geekie.
6:55 of 3rd period - Stopped by Jeremy Swayman without a rebound.
6:56 of 3rd period - Alex Newhook wins face-off versus Johnny Gaudreau in Tampa Bay Lightning zone.
7:10 of 3rd period - Icing by Roope Hintz.
7:11 of 3rd period - Michael Rasmussen wins face-off versus Roope Hintz in Tampa Bay Lightning zone.
7:20 of 3rd period - Snap shot by Joel Farabee.
7:20 of 3rd period - Deflect By Michael Rasmussen.
7:20 of 3rd period - Stopped by Jeremy Swayman with a rebound.
7:22 of 3rd period - Snap shot by Drew O'Connor.
7:22 of 3rd period - Stopped by Jeremy Swayman with a rebound.
7:38 of 3rd period - Nick Perbix is hit by Michael Matheson and loses puck.
8:23 of 3rd period - Wrist shot by Jonathan Huberdeau.
8:23 of 3rd period - Stopped by Pyotr Kochetkov with a rebound.
8:43 of 3rd period - Off-side.
8:44 of 3rd period - Dylan Cozens wins face-off versus Aatu Raty in neutral zone.
9:39 of 3rd period - Wrist shot by Tyler Toffoli.
9:39 of 3rd period - Shot Misses the Net.
9:41 of 3rd period - Wrist shot by Tyler Toffoli.
9:41 of 3rd period - Shot Misses the Net.
9:43 of 3rd period - Slapshot by Dylan Cozens.
9:43 of 3rd period - Goal by Dylan Cozens - Boston Bruins : 3 - Tampa Bay Lightning : 4.
9:44 of 3rd period - Roope Hintz wins face-off versus Alex Newhook in neutral zone.
9:48 of 3rd period - Off-side.
9:49 of 3rd period - Alex Newhook wins face-off versus Travis Konecny in neutral zone.
9:52 of 3rd period - Michael Matheson is hit by Ryan Strome and loses puck.
10:00 of 3rd period - Minor Penalty to Tyson Barrie for Tripping.
10:01 of 3rd period - Ryan Strome wins face-off versus Roope Hintz in Boston Bruins zone.
10:19 of 3rd period - Icing by Johnny Gaudreau.
10:20 of 3rd period - Alex Newhook wins face-off versus Roope Hintz in Tampa Bay Lightning zone.
10:21 of 3rd period - Snap shot by Ryan Strome.
10:21 of 3rd period - Stopped by Jeremy Swayman without a rebound.
10:22 of 3rd period - Roope Hintz wins face-off versus Alex Newhook in Tampa Bay Lightning zone.
10:32 of 3rd period - Michael Kesselring is hit by Jonathan Huberdeau and loses puck.
11:31 of 3rd period - Roope Hintz is hit by Anders Lee and loses puck.
11:50 of 3rd period - Kirill Kaprizov is hit by Alex Newhook and loses puck.
12:00 of 3rd period - Penalty to Tyson Barrie is over, Tyson Barrie is back on ice.
12:01 of 3rd period - Tyson Barrie is hit by Roope Hintz and loses puck.
13:13 of 3rd period - Michael Rasmussen is hit by Alexander Kerfoot and loses puck.
13:26 of 3rd period - Minor Penalty to TJ Brodie for Cross-checking.
13:27 of 3rd period - Jason Dickinson wins face-off versus Michael Rasmussen in Tampa Bay Lightning zone.
13:54 of 3rd period - Ryan Strome is hit by Jason Dickinson and loses puck.
14:37 of 3rd period - Alex Vlasic is hit by Jason Dickinson and loses puck.
15:26 of 3rd period - Penalty to TJ Brodie is over, TJ Brodie is back on ice.
17:35 of 3rd period - Wrist shot by Gustav Nyquist.
17:35 of 3rd period - Deflect By Tyler Toffoli.
17:35 of 3rd period - Shot Blocked by Michael Kesselring.
17:35 of 3rd period - Puck is out of play.
17:36 of 3rd period - Alex Newhook wins face-off versus Jason Dickinson in Boston Bruins zone.
17:45 of 3rd period - Wrist shot by Alexander Kerfoot.
17:45 of 3rd period - Stopped by Pyotr Kochetkov with a rebound.
17:51 of 3rd period - Matt Grzelcyk is hit by Trevor Moore and loses puck.
18:41 of 3rd period - Wrist shot by Roope Hintz.
18:41 of 3rd period - Deflect By Travis Konecny.
18:41 of 3rd period - Shot Misses the Net.
18:41 of 3rd period - Puck is out of play.
18:42 of 3rd period - Roope Hintz wins face-off versus Michael Rasmussen in Boston Bruins zone.
18:43 of 3rd period - Slapshot by Johnny Gaudreau.
18:43 of 3rd period - Shot Misses the Net.
18:48 of 3rd period - Minor Penalty to Travis Konecny for Interference.
18:49 of 3rd period - Alex Newhook wins face-off versus Dylan Cozens in Tampa Bay Lightning zone.
18:49 of 3rd period - Boston Bruins, Pyotr Kochetkov is pulled from the net.
18:49 of 3rd period - Snap shot by Ryan Strome.
18:49 of 3rd period - Shot Misses the Net.
18:51 of 3rd period - Slapshot by Nick Perbix.
18:51 of 3rd period - Shot Blocked by Dylan Cozens.
18:53 of 3rd period - Slapshot by Nick Perbix.
18:53 of 3rd period - Goal by Nick Perbix - Boston Bruins : 4 - Tampa Bay Lightning : 4.
18:53 of 3rd period - Pyotr Kochetkov from Boston Bruins was sent back in the game.
18:54 of 3rd period - Morgan Geekie wins face-off versus Dylan Cozens in neutral zone.
18:57 of 3rd period - Wrist shot by John-Jason Peterka.
18:57 of 3rd period - Stopped by Jeremy Swayman with a rebound.
18:59 of 3rd period - Slapshot by Cam York.
18:59 of 3rd period - Stopped by Jeremy Swayman without a rebound.
19:00 of 3rd period - Dylan Cozens wins face-off versus Morgan Geekie in Tampa Bay Lightning zone.
19:05 of 3rd period - Wrist shot by John-Jason Peterka.
19:05 of 3rd period - Stopped by Jeremy Swayman without a rebound.
19:06 of 3rd period - Dylan Cozens wins face-off versus Morgan Geekie in Tampa Bay Lightning zone.
19:31 of 3rd period - Alex Newhook is hit by Trevor Moore and loses puck.
19:56 of 3rd period - Snap shot by Ryan Strome.
19:56 of 3rd period - Stopped by Jeremy Swayman without a rebound.
19:57 of 3rd period - Alex Newhook wins face-off versus Dylan Cozens in Tampa Bay Lightning zone.
Goals for this period are 2 for Boston Bruins vs 1 for Tampa Bay Lightning.
Shots for this period are 15 for Boston Bruins vs 5 for Tampa Bay Lightning.
Overtime #1
0:01 of 1st overtime period - Alex Newhook wins face-off versus Anze Kopitar in neutral zone.
0:37 of 1st overtime period - Off-side.
0:38 of 1st overtime period - Dylan Cozens wins face-off versus Joel Farabee in neutral zone.
1:15 of 1st overtime period - Slapshot by Anze Kopitar.
1:15 of 1st overtime period - Goal by Anze Kopitar - Boston Bruins : 4 - Tampa Bay Lightning : 5.
Goals for this period are 0 for Boston Bruins vs 1 for Tampa Bay Lightning.
Shots for this period are 0 for Boston Bruins vs 1 for Tampa Bay Lightning.
Back to the Top